 Dungeon Crawl Stone Soup version 0.16.2-2-g470672f (webtiles) character file.

2664 poirepourri the Thaumaturge (level 9, -3/47 HPs)
             Began as a Deep Elf Conjurer on Aug 18, 2015.
             Was a Priest of Sif Muna.
             Killed from afar by Pikel (12 damage)
             ... with a wand of draining
             ... on level 7 of the Dungeon.
             The game lasted 00:33:48 (12575 turns).

poirepourri the Thaumaturge (Deep Elf Conjurer)    Turns: 12575, Time: 00:33:48

Health: -3/47      AC: 14    Str:  5    XL:     9   Next: 36%
Magic:  2/30       EV: 18    Int: 24    God:    Sif Muna [***...]
Gold:   372        SH:  0    Dex: 20    Spells: 6 memorised, 9 levels left

rFire  + . .     SeeInvis .     u - +1 rapier (elec)
rCold  . . .     Clarity  .     o - +3 leather armour {rPois}
rNeg   . . .     SustAb   .     (no shield)
rPois  +         Gourm    .     t - +2 helmet
rElec  .         Spirit   .     (no cloak)
rCorr  .         Warding  .     j - +1 pair of gloves
rMut   .         Stasis   .     B - +0 pair of boots
MR     .....                    (no amulet)
Stlth  ++++......               h - ring of protection from fire
                                k - ring of stealth

@: agile, very slightly contaminated, heavily drained, not resistant to hostile
enchantments, stealthy
A: slimy green scales 1, screaming 1, placid magic 1
a: Channel Energy, Forget Spell, Renounce Religion


You were on level 7 of the Dungeon.
You worshipped Sif Muna.
Sif Muna was most pleased with you.
You were not hungry.

You visited 2 branches of the dungeon, and saw 8 of its levels.

You collected 372 gold pieces.

Inventory:

Hand weapons
 u - a +1 rapier of electrocution (weapon)
Armour
 a - a +0 robe
 e - a +0 scale mail
 f - a +2 pair of boots
 g - a +0 leather armour
 j - a +1 pair of gloves (worn)
 o - a +3 leather armour of poison resistance (worn)
 t - a +2 helmet (worn)
 B - a +0 pair of boots (worn)
Jewellery
 h - a ring of protection from fire (right hand)
 k - a ring of stealth (left hand)
 p - an uncursed ring of teleportation
 v - an uncursed ring of protection from fire
Magical devices
 y - a wand of slowing (18)
 E - a wand of fire (10)
Scrolls
 b - a scroll of teleportation
 d - 3 scrolls of magic mapping
 m - 3 scrolls of remove curse
 q - a scroll of recharging
 s - 2 scrolls of fear
Potions
 i - a potion of resistance
 l - a potion of lignification
 n - a potion of cancellation
 r - a potion of curing
 w - a potion of agility
 x - a potion of flight
 D - 2 potions of cure mutation
Books
 c - a book of Conjurations

   Spells                             Type                      Level
   a - Magic Dart                     Conjuration                  1
   b - Searing Ray                    Conjuration                  2
   c - Dazzling Spray                 Conjuration/Hexes            3
   d - Fulminant Prism                Conjuration/Hexes            4
   e - Iskenderun's Mystic Blast      Conjuration                  4
   f - Iskenderun's Battlesphere      Conjuration/Charms           5
Comestibles
 A - a meat ration


   Skills:
 + Level 1.3(0.0) Fighting
 + Level 3.3(1.0) Armour
 + Level 5.5(3.0) Dodging
 + Level 3.7(1.3) Stealth
 + Level 0.1(0.0) Unarmed Combat
 + Level 10.2(7.4) Spellcasting
 + Level 9.1(6.4) Conjurations
 + Level 2.0(0.0) Hexes
 + Level 0.8(0.0) Charms
 + Level 1.9(0.0) Invocations


You had 9 spell levels left.
You knew the following spells:

 Your Spells              Type           Power        Failure   Level  Hunger
a - Magic Dart            Conj           ####         1%          1    None
b - Searing Ray           Conj           ####..       1%          2    None
c - Dazzling Spray        Conj/Hex       ###.....     4%          3    None
d - Fulminant Prism       Conj/Hex       ###.......   17%         4    ###....
e - Iskenderun's Mystic   Conj           ####....     4%          4    ###....
f - Iskenderun's Battles  Conj/Chrm      ###.....     69%         5    #####..


Dungeon Overview and Level Annotations

Branches:
Dungeon (7/15)             Temple (1/1) D:4

Altars:
Ashenzari
Cheibriados
Dithmenos
Elyvilon
Fedhas
Gozag
Kikubaaqudgha
Makhleb
Nemelex Xobeh
Okawaru
Qazlal
Ru
Sif Muna
Trog
Vehumet
Xom
Yredelemnul
Zin
The Shining One

Annotations:
D:7 Pikel


Innate Abilities, Weirdness & Mutations

You are partially covered in slimy green scales (AC +2).
You occasionally shout uncontrollably at your foes.
Your spells are a little easier to cast, but a little less powerful.


Message History

Pikel is almost dead.
Casting: Magic Dart
Confirm with . or Enter, or press ? or * to list all spells.
You don't have enough magic to cast that spell.
Casting: Magic Dart
Confirm with . or Enter, or press ? or * to list all spells.
You don't have enough magic to cast that spell.
Casting: Magic Dart
Confirm with . or Enter, or press ? or * to list all spells.
You don't have enough magic to cast that spell.
Casting: Magic Dart
Confirm with . or Enter, or press ? or * to list all spells.
You don't have enough magic to cast that spell.
Drink which item? (? for menu, Esc to quit)
You feel agile all of a sudden.
Use which ability? (? or * to list)
You channel some magical energy.
You feel somewhat more hungry.
Pikel says, "You'll fetch a fair price!"
Pikel zaps a wand.
The bolt of negative energy hits you!
You feel drained.
You die...

##...##....
#.........
#.........
#.........
##.........
##..........
####...........
######...........###
#..@.Kp[.###....##
########## ##...#
#...#### ##...##.
#...... #......
##...## #####


You could see Pikel and a slave.

Vanquished Creatures
  An ice beast (D:5)
  3 slaves (D:7)
  A wasp (D:6)
  2 phantoms
  3 sky beasts
  A black bear (D:6)
  4 centaurs (D:5)
  3 ogres
  Sigmund (D:2)
  6 giant frogs
  A gnoll sergeant (D:6)
  2 scorpions
  2 hounds
  An orc priest (D:4)
  An orc wizard (D:4)
  2 iguanas
  7 worker ants
  A hound skeleton (D:5)
  Terence (D:2)
  10 adders
  9 gnolls
  2 giant mites (D:2)
  3 worms
  An adder skeleton (D:5)
  An adder zombie (D:7)
  2 giant geckos
  16 orcs
  3 ball pythons
  12 bats
  A bat skeleton (D:5)
  5 giant cockroaches
  23 hobgoblins
  6 jackals
  2 oozes
  6 quokkas
  A ball python skeleton (D:5)
  4 giant newts
  19 goblins
  A jackal skeleton (D:6)
  13 kobolds
  A quokka skeleton (D:5)
  12 rats
196 creatures vanquished.

Vanquished Creatures (others)
  3 fulminant prisms
3 creatures vanquished.

Grand Total: 199 creatures vanquished

Notes
Turn   | Place    | Note
--------------------------------------------------------------
     0 | D:1      | poirepourri, the Deep Elf Conjurer, began the quest for the Orb.
     0 | D:1      | Reached XP level 1. HP: 10/10 MP: 5/5
   604 | D:1      | Reached XP level 2. HP: 12/15 MP: 4/8
   707 | D:1      | Learned a level 2 spell: Searing Ray
  1752 | D:2      | Reached skill level 5 in Conjurations
  2125 | D:2      | Reached XP level 3. HP: 19/19 MP: 2/11
  2146 | D:2      | Reached skill level 1 in Armour
  2722 | D:2      | Reached XP level 4. HP: 19/24 MP: 0/14
  2897 | D:2      | Learned a level 3 spell: Dazzling Spray
  2902 | D:2      | Learned a level 4 spell: Fulminant Prism
  3120 | D:2      | Noticed Sigmund
  3147 | D:2      | Killed Sigmund
  3147 | D:2      | Reached XP level 5. HP: 19/28 MP: 0/18
  3806 | D:2      | Noticed Terence
  3825 | D:2      | Killed Terence
  4733 | D:3      | Reached skill level 1 in Hexes
  5136 | D:4      | Found a staircase to the Ecumenical Temple.
  5140 | D:4      | Reached skill level 5 in Spellcasting
  5140 | D:4      | Reached XP level 6. HP: 18/33 MP: 4/21
  5339 | Temple   | Entered the Ecumenical Temple
  5473 | Temple   | Became a worshipper of Sif Muna the Loreminder
  5613 | D:4      | Reached skill level 6 in Conjurations
  5666 | D:4      | Noticed a phantom
  5719 | D:4      | Killed a phantom
  5719 | D:4      | Reached skill level 1 in Fighting
  6017 | D:4      | Learned a level 4 spell: Iskenderun's Mystic Blast
  6237 | D:4      | Reached XP level 7. HP: 38/38 MP: 18/23
  6621 | D:4      | Found a shattered altar of Ashenzari.
  6943 | D:5      | Entered Level 5 of the Dungeon
  7621 | D:5      | Acquired Sif Muna's first power
  8074 | D:5      | Reached skill level 7 in Spellcasting
  8514 | D:5      | Reached XP level 8. HP: 43/43 MP: 18/26
  9072 | D:5      | Learned a level 5 spell: Iskenderun's Battlesphere
  9653 | D:5      | Reached skill level 8 in Spellcasting
  9978 | D:6      | Acquired Sif Muna's second power
 10389 | D:6      | Reached skill level 5 in Dodging
 10522 | D:6      | Reached skill level 1 in Invocations
 10768 | D:6      | Reached skill level 9 in Spellcasting
 11241 | D:6      | Reached XP level 9. HP: 44/47 MP: 2/29
 12128 | D:7      | Reached skill level 10 in Spellcasting
 12472 | D:7      | Noticed Pikel
 12509 | D:7      | Gained mutation: You are partially covered in slimy green scales (AC +2). [potion of mutation]
 12509 | D:7      | Gained mutation: You occasionally shout uncontrollably at your foes. [potion of mutation]
 12509 | D:7      | Gained mutation: Your spells are a little easier to cast, but a little less powerful. [potion of mutation]
 12575 | D:7      | Killed from afar by Pikel

Action                   |  1- 3 |  4- 6 |  7- 9 || total
-------------------------+-------+-------+-------++-------
Melee: Unarmed           |    20 |    10 |     9 ||    39
       Rapier            |       |       |     2 ||     2
 Cast: Magic Dart        |    77 |   130 |   162 ||   369
       Searing Ray       |     8 |    20 |    57 ||    85
       Dazzling Spray    |       |     6 |     1 ||     7
       Fulminant Prism   |       |     2 |     1 ||     3
       Iskenderun's Myst |       |       |    41 ||    41
       Iskenderun's Batt |       |       |     2 ||     2
Invok: Channel Energy    |       |       |     6 ||     6
  Use: Scroll            |     5 |     6 |     6 ||    17
       Potion            |     4 |     2 |    11 ||    17
  Eat: Bread ration      |     1 |     2 |     4 ||     7
       Meat ration       |       |     1 |     1 ||     2
